 Dungeon Crawl Stone Soup version 0.18-b1-10-g3f7de93 (webtiles) character file.

95 juanjsm the Stinger (level 4, 0/21 HPs)
             Began as a Spriggan Venom Mage on Apr 29, 2016.
             Slain by a worker ant (6 damage)
             ... on level 4 of the Dungeon.
             The game lasted 00:12:34 (2525 turns).

juanjsm the Stinger (Spriggan Venom Mage)           Turns: 2525, Time: 00:12:34

Health: 0/21       AC:  2    Str:  4    XL:     4   Next: 40%
Magic:  0/9        EV: 19    Int: 17    God:
Gold:   145        SH:  0    Dex: 16    Spells: 3 memorised, 3 levels left

rFire  . . .     SeeInvis +     d - +0 dagger
rCold  . . .     Gourm    .     a - +0 robe
rNeg   . . .     Faith    .     (shield restricted)
rPois  .         Spirit   .     (helmet restricted)
rElec  .         Dismiss  .     (no cloak)
rCorr  .         Reflect  .     (gloves unavailable)
SustAt .         Harm     .     (boots unavailable)
MR     .....                    (no amulet)
Stlth  +++.......               (no ring)
                                (no ring)

@: very quick, not resistant to hostile enchantments, fairly stealthy
A: unfitting armour, see invisible, herbivore 3, speed 3, slow metabolism 2
a: no special abilities


You were on level 4 of the Dungeon.
You were not hungry.

You visited 1 branch of the dungeon, and saw 5 of its levels.

You collected 145 gold pieces.

Inventory:

Hand Weapons
 d - a +0 dagger (weapon)
 m - a cursed -1 dagger
 t - a +2 dagger of venom
Missiles
 k - 78 sling bullets
Armour
 a - a +0 robe (worn)
Jewellery
 h - a +4 ring of dexterity {unknown}
 r - an uncursed ring of flight {unknown}
Scrolls
 e - a scroll of immolation {unknown}
 f - 5 scrolls of remove curse {unknown}
 g - a scroll of enchant weapon {unknown}
 j - 4 scrolls of identify {unknown}
 n - a scroll of noise {unknown}
 q - a scroll of teleportation {unknown}
Potions
 i - a potion of lignification {unknown}
 l - 2 potions of curing {unknown}
 o - a potion of resistance {unknown}
 p - a potion of cure mutation {unknown}
 s - a potion of ambrosia {unknown}
Books
 b - a Young Poisoner's Handbook

   Spells                             Type                      Level
   a - Sting                          Conjuration/Poison           1
   b - Cure Poison                    Poison                       2
   c - Mephitic Cloud                 Conjuration/Poison/Air       3
   d - Olgreb's Toxic Radiance        Poison                       4
   e - Venom Bolt                     Conjuration/Poison           5
Comestibles
 c - 3 bread rations


   Skills:
 + Level 0.1 Fighting
 + Level 0.2 Short Blades
 * Level 4.2 Dodging
 * Level 3.6 Stealth
 * Level 3.3 Spellcasting
 * Level 1.1 Conjurations
 + Level 4.5 Poison Magic


You had 3 spell levels left.
You knew the following spells:

 Your Spells              Type           Power        Failure   Level  Hunger
a - Sting                 Conj/Pois      ##..         6%          1    None
b - Cure Poison           Pois           ###.......   4%          2    ##.....
c - Mephitic Cloud        Conj/Pois/Air  #.......     24%         3    ###....


Dungeon Overview and Level Annotations

Branches:
Dungeon (5/15)
 Temple: D:4-7

Altars:

Shops:
D:4 ?


Innate Abilities, Weirdness & Mutations

You are tiny and cannot use many weapons and most armour.
You have supernaturally acute eyesight.
You are a herbivore.
You cover ground extremely quickly.
You need consume almost no food.


Message History

Casting: Sting
Confirm with . or Enter, or press ? or * to list all spells.
You are no longer poisoned.
An adder comes into view.
Casting: Cure Poison
Confirm with . or Enter, or press ? or * to list all spells.
Aiming: Sting
Press: ? - help, Shift-Dir - straight line, f/p - worker ant
Aim: a worker ant (heavily wounded)
The sting misses the worker ant.
You hit the worker ant but do no damage.
The worker ant is heavily wounded.
The worker ant misses you.
You hit the worker ant.
The worker ant is heavily wounded.
The worker ant closely misses you. The adder misses you.
You hit the worker ant but do no damage.
The worker ant is heavily wounded.
The worker ant bites you.
You die...

.Z..#
##.###.#...###
.####
#...Z.........#
.#
#.#...........#
.#
#####.......#
## #.#Z..###
...#...#
######.## #a#
#@# #S# #.# #.#
#.# #.# #.# #.#


You could see a worker ant, an adder and a quokka skeleton.

Vanquished Creatures
  4 adders
  A worm (D:4)
  A dart slug (D:1)
  3 giant geckos
  5 orcs
  3 bats
  3 giant cockroaches
  4 goblins
  4 hobgoblins
  6 jackals
  A ball python (D:2)
  A giant newt (D:2)
  4 kobolds
  6 rats
46 creatures vanquished.

Vanquished Creatures (others)
  7 toadstools (D:1)
7 creatures vanquished.

Grand Total: 53 creatures vanquished

Notes
Turn   | Place    | Note
--------------------------------------------------------------
     0 | D:1      | juanjsm the Spriggan Venom Mage began the quest for the Orb.
     0 | D:1      | Reached XP level 1. HP: 9/9 MP: 5/5
   261 | D:1      | Reached XP level 2. HP: 12/13 MP: 1/6
   265 | D:1      | Learned a level 2 spell: Cure Poison
   807 | D:2      | Reached XP level 3. HP: 12/16 MP: 1/8
   827 | D:2      | Learned a level 3 spell: Mephitic Cloud
  1617 | D:5      | Entered Level 5 of the Dungeon
  1619 | D:5      | Noticed an ice beast
  1767 | D:3      | Reached skill level 1 in Conjurations
  1816 | D:3      | Reached XP level 4. HP: 21/21 MP: 1/9
  2462 | D:4      | Found Igalat's Magic Scroll Boutique.
  2525 | D:4      | Slain by a worker ant

Skill      XL: |  1  2  3 |
---------------+----------+-----
Spellcasting   | 3 |  3.3
Dodging        | 4 |  4.2
Conjurations   | 1 |  1.1
Fighting       | |  0.1
Short Blades   | |  0.2
Stealth        | |  3.6
Poison Magic   | |  4.5

Action                   |  1- 3 |  4- 6 || total
-------------------------+-------+-------++-------
Melee: Dagger            |    46 |    18 ||    64
       Unarmed           |     1 |       ||     1
 Cast: Sting             |    64 |    31 ||    95
       Mephitic Cloud    |     2 |       ||     2
       Cure Poison       |       |     1 ||     1
 Stab: Sleeping          |     5 |     2 ||     7
Armor: Robe              |    11 |     1 ||    12
Dodge: Dodged            |    71 |    20 ||    91
